 Dungeon Crawl Stone Soup version 0.27-a0-597-g524d869a0f (webtiles) character file.

Game seed: 3958153031347889269

9172 CypherZel the Fighter (level 11, -17/99 HPs)
             Began as a Pale Draconian Transmuter on Mar 11, 2021.
             Was an Elder of Qazlal.
             Demolished by a large abomination (24 damage)
             ... on level 2 of the Abyss.
             The game lasted 01:06:33 (20968 turns).

CypherZel the Fighter (Pale Draconian Transmuter)  Turns: 20968, Time: 01:06:33

Health: -17/99     AC: 12    Str: 12    XL:     11   Next: 19%
Magic:  10/16      EV: 15    Int: 18    God:    Qazlal [****..]
Gold:   723        SH: 10    Dex: 17    Spells: 1/16 levels left

rFire    . . .     SeeInvis .     - Unarmed
rCold    . . .     Faith    .   (no shield)
rNeg     + . .     Spirit   .   (armour unavailable)
rPois    .         Reflect  +   (helmet restricted)
rElec    .         Harm     .   l - +0 cloak
rCorr    .         Rampage  .   r - +0 pair of gloves
Will     .....                  g - +2 pair of boots
Stlth    +.........             o - amulet of reflection
HPRegen  0.26/turn              e - ring of positive energy
MPRegen  0.15/turn              m - +6 ring of dexterity

@: lethally poisoned (-17 -> -34), about to teleport, hasted and slowed, repel
missiles
A: breathe steam, unfitting armour, cold-blooded, steam resistance, AC +7
a: Breathe Steam, Renounce Religion, Upheaval, Elemental Force


You were on level 2 of the Abyss.
You worshipped Qazlal.
Qazlal was greatly pleased with you.
You visited 1 branch of the dungeon, and saw 11 of its levels.
You visited the Abyss 1 time.

You collected 723 gold pieces.

Inventory:

Missiles
 b - 45 poisoned darts
 c - 3 throwing nets
 f - 8 atropa-tipped darts
 q - 6 javelins
Armour
 g - a +2 pair of boots (worn)
 l - a +0 cloak (worn)
 r - a +0 pair of gloves (worn)
Jewellery
 d - a ring of fire
 e - a ring of positive energy (right hand)
 j - a ring of resist corrosion
 k - a ring of flight
 m - a +6 ring of dexterity (left hand)
 o - an amulet of reflection (around neck)
 s - a ring of protection from fire
Wands
 p - a wand of paralysis (22)
Scrolls
 a - a scroll of enchant weapon
 Y - 2 scrolls of teleportation {@r3}
 Z - 2 scrolls of identify {@r1}
Potions
 n - a potion of cancellation {unknown}
 A - 2 potions of attraction
 B - 3 potions of brilliance
 J - 5 potions of curing {@q1}
 L - 2 potions of flight
 M - a potion of might
 N - a potion of heal wounds {@q2}
 P - 2 potions of lignification
 R - 2 potions of resistance
 U - a potion of mutation


   Skills:
 - Level 10.0 Fighting
 - Level 5.7 Dodging
 - Level 5.0 Unarmed Combat
 - Level 3.3 Spellcasting
 + Level 9.1 Transmutations
 - Level 8.2 Ice Magic
 - Level 4.1 Poison Magic


You had one spell level left.
You knew the following spells:

 Your Spells              Type           Power      Damage    Failure   Level
a - Beastly Appendage     Tmut           70%        N/A       1%          1
b - Ice Form              Ice/Tmut       34%        N/A       4%          4
c - Spider Form           Tmut/Pois      13%        N/A       3%          3
d - Blade Hands           Tmut           17%        N/A       11%         5
w - Wereblood             Tmut           35%        N/A       1%          2

Your spell library contained the following spells:

 Spells                   Type           Power      Damage    Failure   Level
 Freeze                   Ice            100%       1d11      1%          1
 Frozen Ramparts          Ice            64%        1d8       1%          3
 Ozocubu's Armour         Ice            32%        N/A       1%          3
 Hailstorm                Conj/Ice       17%        3d6       28%         4
 Summon Ice Beast         Ice/Summ       17%        N/A       28%         4


Dungeon Overview and Level Annotations

Branches:
Dungeon (11/15)            Temple (0/1) D:4            Lair (0/6) D:11
    Orc: D:9-12

Altars:
Ashenzari
Cheibriados
Dithmenos
Elyvilon
Gozag
Hepliaklqana
Nemelex Xobeh
Qazlal
Vehumet
Wu Jian
Xom
Zin
The Shining One

Shops:
D:5 !

Annotations:
D:5 3 runed translucent doors, wineyard's ghost, amateur DsFE
D:10 Erolcha


Innate Abilities, Weirdness & Mutations

You can breathe blasts of scalding, opaque steam.
Your pale cyan-grey scales are hard. (AC +7)
You cannot fit into any form of body armour.
You are cold-blooded and may be slowed by cold attacks.
You are immune to the effects of steam.


Message History

Okay, then.
Okay, then.
As you read the scroll of teleportation {@r3}, it crumbles to dust.
You feel strangely unstable.
You feel the power of the Abyss delaying your translocation!
You hear a bark!
The guardian serpent coils itself and waves its upper body at you.
The raiju blinks!
The raiju blinks into view!
The large abomination blinks!
The raiju bursts into living lightning!
The living lightning hits you.
The living lightning hits the raiju.
The raiju completely resists.
The raiju blinks!
A sixfirhy comes into view.
The large abomination is struck by lightning.
The small abomination hits you.
Okay, then.
Clouds arounds you coalesce and take form!
Your extra speed is starting to run out.
The guardian serpent coils itself and waves its upper body at you.
The bolt of poison hits the large abomination.
The large abomination completely resists.
The bolt of poison hits you!
You are more poisoned.
The raiju bursts into living lightning!
The living lightning hits you!
* * * LOW HITPOINT WARNING * * *
The living lightning hits the raiju.
The raiju completely resists.
The raiju blinks!
The raiju bursts into living lightning!
The living lightning hits you!
* * * LOW HITPOINT WARNING * * *
The raiju blinks!
The large abomination hits you!
* * * LOW HITPOINT WARNING * * *
* * * LOW HITPOINT WARNING * * *
The guardian serpent hits you!
* * * LOW HITPOINT WARNING * * *
The small abomination is engulfed in freezing vapours.
You destroy the small abomination!
The large abomination is struck by lightning.
The large abomination hits you!!
You die...

#####........§..
. #...#....... .
#...#...###..
#...#.3.# .#
#.......# .. #
#.......##.#
#..........#
#..○XS.....##
#.hh.@...h...
#.####E......
h... .......
##.... .......
.#. . #######
..####.# ### ##


You could see a large abomination, a guardian serpent, a sixfirhy, 3 raiju and a
friendly water elemental (summoned).

Vanquished Creatures
  Harold (D:7)
  2 two-headed ogres
  An unseen horror (D:10)
  Joseph (D:7)
  A gargoyle (D:10)
  A komodo dragon (D:10)
  2 trolls
  A hornet (D:10)
  Sigmund (D:6)
  A shadow (D:6)
  A wyvern (D:10)
  2 small abominations (Abyss:2)
  6 orc warriors
  2 ice beasts
  2 sky beasts
  An eye of draining (D:8)
  4 ogres
  4 centaurs
  4 phantoms
  A kobold brigand (D:10)
  6 bullfrogs
  A water moccasin zombie (D:10)
  4 scorpions
  3 killer bees
  3 wights (D:10)
  2 howler monkeys (D:9)
  A bullfrog zombie (D:10)
  6 hounds
  9 orc priests
  A quasit (D:8)
  A centaur zombie (D:7)
  2 jellies
  A gnoll shaman (D:6)
  3 centaur skeletons
  8 worker ants
  Natasha (thrice) (D:3)
  3 iguanas
  8 orc wizards
  A killer bee zombie (D:6)
  A hound zombie (D:7)
  2 hound skeletons
  9 gnolls
  11 adders
  3 shadow imps
  7 white imps
  3 oozes
  2 ufetubi
  2 adder zombies
  4 worms
  2 dart slugs (D:1)
  4 leopard geckos
  41 orcs
  3 giant cockroaches
  6 goblins
  11 hobgoblins
  4 jackals (D:6)
  12 kobolds
  4 quokkas
  4 ball pythons
  7 bats
  7 frilled lizards
  3 leopard gecko skeletons
  9 rats
266 creatures vanquished.

Notes
Turn   | Place    | Note
-------+----------+-------------------------------------------
     0 | D:1      | CypherZel the Draconian Transmuter began the quest for the
                  | Orb.
     0 | D:1      | Reached XP level 1. HP: 16/16 MP: 3/3
   377 | D:1      | Reached XP level 2. HP: 23/23 MP: 3/5
   819 | D:1      | Reached XP level 3. HP: 25/28 MP: 4/6
  1506 | D:2      | Found a stormy altar of Qazlal.
  1590 | D:2      | Became a worshipper of Qazlal Stormbringer
  2328 | D:3      | Reached XP level 4. HP: 35/35 MP: 5/7
  2756 | D:3      | Noticed Natasha
  2763 | D:3      | Killed Natasha
  2764 | D:3      | Reached skill level 5 in Unarmed Combat
  2764 | D:3      | Reached XP level 5. HP: 34/40 MP: 6/8
  2819 | D:3      | Learned a level 2 spell: Wereblood
  2824 | D:3      | Learned a level 4 spell: Ice Form
  3172 | D:3      | Reached skill level 2 in Fighting
  3285 | D:3      | Reached * piety under Qazlal
  3306 | D:3      | Noticed Natasha
  3313 | D:3      | Killed Natasha
  3367 | D:3      | Reached skill level 3 in Fighting
  3504 | D:3      | Noticed Natasha
  3527 | D:3      | Killed Natasha
  4254 | D:3      | Found a hazy altar of Hepliaklqana.
  4461 | D:4      | Reached XP level 6. HP: 51/51 MP: 5/9
  4564 | D:4      | Reached skill level 4 in Fighting
  4623 | D:4      | Found a staircase to the Ecumenical Temple.
  4658 | D:4      | Found a white marble altar of Elyvilon.
  4973 | D:4      | Reached skill level 5 in Fighting
  5349 | D:5      | Entered Level 5 of the Dungeon
  5758 | D:5      | Found a runed translucent gate.
  5758 | D:5      | Found a runed translucent gate.
  5775 | D:5      | Found a runed translucent gate.
  5887 | D:5      | Noticed wineyard's ghost (amateur DsFE)
  6199 | D:5      | Your scales start taking on a pale cyan-grey colour.
  6199 | D:5      | Reached XP level 7. HP: 51/62 MP: 7/10
  6199 | D:5      | Gained mutation: You are immune to the effects of steam.
                  | [Pale Draconian growth]
  6513 | D:5      | Reached skill level 6 in Fighting
  7030 | D:5      | Found Iqucraetre's Distillery.
  7288 | D:6      | Noticed Sigmund
  7521 | D:6      | Killed Sigmund
  7522 | D:6      | Reached skill level 7 in Fighting
  7723 | D:6      | Found a sparkling altar of Nemelex Xobeh.
  7909 | D:6      | Found a radiant altar of Vehumet.
  7939 | D:6      | Reached ** piety under Qazlal
  8816 | D:6      | Reached skill level 5 in Transmutations
  8818 | D:6      | Reached XP level 8. HP: 35/73 MP: 8/11
 10380 | D:7      | Learned a level 3 spell: Spider Form
 10437 | D:6      | Reached skill level 1 in Ice Magic
 10644 | D:7      | Reached skill level 1 in Poison Magic
 11427 | D:7      | Noticed a two-headed ogre
 11727 | D:7      | Noticed Joseph
 12167 | D:7      | Killed Joseph
 12168 | D:7      | Reached XP level 9. HP: 34/79 MP: 9/12
 13128 | D:7      | Killed a two-headed ogre
 13600 | D:7      | Found a sparkling altar of Nemelex Xobeh.
 14011 | D:8      | Noticed Harold
 14038 | D:8      | Reached *** piety under Qazlal
 14360 | D:7      | Killed Harold
 14630 | D:8      | Reached XP level 10. HP: 80/86 MP: 9/13
 16112 | D:9      | Found a shimmering altar of Xom.
 16867 | D:9      | Found a snail-covered altar of Cheibriados.
 16922 | D:9      | Found a shadowy altar of Dithmenos.
 16951 | D:9      | Found a glowing golden altar of the Shining One.
 16957 | D:9      | Reached skill level 8 in Fighting
 17055 | D:9      | Found an ornate altar of the Wu Jian Council.
 17073 | D:9      | Found a broken altar of Ashenzari.
 17253 | D:9      | Found a glowing silver altar of Zin.
 17331 | D:9      | Found an opulent altar of Gozag.
 17426 | D:9      | You fall into a shaft and drop 2 floors!
 17450 | D:11     | Noticed a manticore
 17562 | D:10     | Entered Level 10 of the Dungeon
 18141 | D:10     | Noticed a two-headed ogre
 18142 | D:10     | Noticed a gargoyle
 18151 | D:10     | Killed a gargoyle
 18152 | D:10     | Reached skill level 9 in Fighting
 18156 | D:10     | Killed a two-headed ogre
 18157 | D:10     | Reached skill level 5 in Dodging
 19055 | D:10     | Reached **** piety under Qazlal
 19070 | D:10     | Noticed Erolcha
 19656 | D:10     | Reached XP level 11. HP: 98/98 MP: 7/14
 19742 | D:10     | Reached skill level 10 in Fighting
 20324 | D:10     | Killed an unseen horror
 20483 | D:10     | Learned a level 5 spell: Blade Hands
 20874 | D:10     | Cast into level 2 of the Abyss (Erolcha)
 20925 | Abyss:2  | Noticed a naga warrior
 20964 | Abyss:2  | Noticed a large abomination
 20966 | Abyss:2  | Noticed a sixfirhy
 20968 | Abyss:2  | Demolished by a large abomination

Illustrated notes

Levels and vault maps discovered:
D:1:      dpeg_arrival_long_road, layout_basic, minmay_crystal_room,
          minmay_vboxes
D:2:      layout_rooms, marbit_many_paths
D:3:      layout_basic, nzn_hepliaklqana_mist_gate, hangedman_decor_points,
          patterned_corridor, uniq_natasha
D:4:      layout_loops_ring, elyvilon_altar_5, minmay_temple_entry_waves,
          hangedman_abyss_or_decor_stabs, minmay_misc_feat_room
D:5:      layout_layer_cave, serial_shops, nicolae_shop_stone,
          gammafunk_ghost_icy
D:6:      wander_river, layout_basic, nicolae_overflow_crystal_walls,
          lemuel_doored_altar, minivault_27, uniq_sigmund
D:7:      layout_cave_pools, minmay_statues_item, nemelex_diamond_rough_becter,
          uniq_joseph
D:8:      layout_gridville, uniq_harold
D:9:      layout_irregular_city, lemuel_crystal_altar, xom_teletrap_fun,
          nicolae_overflow_quartered_altars, nicolae_overflow_hidden_temple,
          lemuel_altar_in_water
D:10:     minmay_bubble_buster, layout_basic, hiddenorc1_lemuel, serial_rivers,
          chequers_serial_rivers_micro_e, chequers_serial_rivers_micro_a,
          chequers_serial_rivers_room_b, chequers_serial_rivers_large_b,
          chequers_serial_rivers_small_a, uniq_erolcha
D:11:     layout_roguey, lair_entry_dummy
Abyss:2:  base:
D:6

Skill      XL: |  1  2  3  4  5  6  7  8  9 10 11 |
---------------+----------------------------------+-----
Transmutations | 3 5 7 8 9 |  9.1
Unarmed Combat | 5 |  5.0
Fighting       | 3 5 7 9 10 | 10.0
Ice Magic      | 4 7 8 |  8.2
Poison Magic   | 4 |  4.1
Dodging        | 5 |  5.7
Spellcasting   | 3 |  3.3

Action                   |  1- 3 |  4- 6 |  7- 9 | 10-12 || total
-------------------------+-------+-------+-------+-------++-------
Melee: Unarmed           |   122 |   188 |   230 |   275 ||   815
       Kick              |    25 |    45 |    51 |     1 ||   122
       Tailslap          |    13 |    15 |    40 |     1 ||    69
       Headbutt          |     8 |    19 |    30 |     3 ||    60
       Punch             |     1 |     4 |     2 |       ||     7
 Cast: Beastly Appendage |    33 |    40 |    31 |     2 ||   106
       Wereblood         |       |     8 |     8 |    15 ||    31
       Spider Form       |       |       |    12 |     8 ||    20
       Ice Form          |       |       |       |    26 ||    26
Invok: Elemental Force   |       |       |       |     1 ||     1
 Abil: Breathe Steam     |       |       |    18 |    10 ||    28
  Use: Scroll            |     9 |     2 |     6 |     6 ||    23
       Potion            |       |       |     3 |     5 ||     8
Armor: Skin              |    21 |    56 |    52 |    52 ||   181
Dodge: Dodged            |    75 |   112 |   174 |   116 ||   477
Block: Other             |       |     3 |    31 |    91 ||   125
       Reflection        |       |       |       |     1 ||     1

Table legend: (Time is in decaauts)
 A = Elapsed time spent in this place.
 B = Non-inter-level travel time spent in this place.
 C = Inter-level travel time spent in this place.
 D = Time resting spent in this place.
 E = Time spent auto-exploring this place.
 F = Levels seen in this place.
 G = Mean time per level.
                   A        B        C        D        E       F      G
               +--------+--------+--------+--------+--------+-----+--------+
         Total |  20965 |  19835 |   1130 |   9262 |   7350 |  12 | 1747.1 |
       Dungeon |  20880 |  19750 |   1130 |   9262 |   7350 |  11 | 1898.2 |
         Abyss |     85 |     85 |      0 |      0 |      0 |   1 |   85.0 |
               +--------+--------+--------+--------+--------+-----+--------+

Top non-repeatable levels by time:
     D:6: 4288 daAuts
     D:5: 2838 daAuts
     D:9: 2391 daAuts
     D:8: 2333 daAuts
     D:3: 2053 daAuts
    D:10: 1733 daAuts
     D:7: 1580 daAuts
     D:1: 1252 daAuts
     D:4: 1146 daAuts
     D:2: 1070 daAuts
    D:11: 191 daAuts
 Abyss:2: 85 daAuts
